 Dungeon Crawl Stone Soup version 0.29-a0-997-gf6f7e2dfe7 (webtiles) character file.

Game seed: 17133325079672793336

223 RevDB the Ruffian (level 5, 0/46 HPs)
             Began as a Draconian Transmuter on Aug 4, 2022.
             Frozen to death by an endoplasm (5 damage)
             ... in a sewer.
             The game lasted 00:13:25 (1761 turns).

RevDB the Ruffian (Draconian Transmuter)            Turns: 1761, Time: 00:13:26

Health: 0/46       AC:  1    Str: 15    XL:     5   Next: 66%
Magic:  7/8        EV: 12    Int: 13    God:
Gold:   135        SH:  0    Dex: 17    Spells: 5/8 levels left

rFire   . . .      SeeInvis .     - Unarmed
rCold   . . .      Faith    .   (no shield)
rNeg    + . .      Spirit   .   (body armour unavailable)
rPois   .          Reflect  .   (helmet restricted)
rElec   .          Harm     .   (no cloak)
rCorr   .          Rampage  .   (no gloves)
Will    .....                   (no boots)
Stlth   ++........              (no amulet)
HPRegen 0.15/turn               k - ring of positive energy
MPRegen 0.11/turn               l - +6 ring of dexterity

@: wereblooded, corroded
A: AC +5, unfitting armour, cold-blooded
a: no special abilities


You were in a sewer.
You visited 1 branch of the dungeon, and saw 3 of its levels.
You also visited: Sewer.

You collected 135 gold pieces.

Inventory:

Magical Staves
 m - a staff of cold
Jewellery
 k - a ring of positive energy (left hand)
 l - a +6 ring of dexterity (right hand)
Scrolls
 c - a scroll of fear {unknown}
 e - a scroll of identify {unknown}
 f - a scroll of acquirement {unknown}
 j - a scroll of vulnerability {unknown}
 n - a scroll of blinking {unknown}
Potions
 a - 3 potions of lignification
 b - a potion of ambrosia {unknown}
 d - 2 potions of curing {unknown}
 g - a potion of degeneration {unknown}
 h - a potion of heal wounds {unknown}
 i - a potion of resistance {unknown}


   Skills:
 - Level 4.0 Fighting
 - Level 1.7 Dodging
 - Level 5.0 Unarmed Combat
 - Level 2.0 Spellcasting
 + Level 2.7 Transmutations


You had 5 spell levels left.
You knew the following spells:

 Your Spells              Type           Power      Damage    Failure   Level
a - Beastly Appendage     Tmut           16%        N/A       9%          1
b - Wereblood             Tmut           8%         N/A       13%         2

Your spell library contained the following spells:

 Spells                   Type           Power      Damage    Failure   Level
 Magic Dart               Conj           4%         1d3       26%         1
 Call Imp                 Summ           1%         N/A       36%         2
 Spider Form              Tmut/Pois      4%         N/A       41%         3
 Mephitic Cloud           Conj/Pois/Air  1%         N/A       58%         3
 Ozocubu's Armour         Ice            1%         N/A       58%         3
 Ice Form                 Ice/Tmut       4%         N/A       82%         4
 Metabolic Englaciation   Hex/Ice        0%         N/A       100%        5
 Simulacrum               Ice/Necr       0%         N/A       100%        6


Dungeon Overview and Level Annotations

Branches:
Dungeon (3/15)              Sewer (1/1)

Altars:


Innate Abilities, Weirdness & Mutations

Your plain brown scales are hard. (AC +5)
You cannot fit into any form of body armour.
You are cold-blooded and may be slowed by cold attacks.


Message History

The giant cockroach splashes around in the water.
You hit the giant cockroach.
The giant cockroach is severely wounded.
The giant cockroach bites you but does no damage.
The jelly misses you.
You completely miss the giant cockroach.
Your tail-slap misses the giant cockroach.
The giant cockroach is severely wounded.
The giant cockroach barely misses you. The jelly closely misses you.
The giant cockroach bites you but does no damage.
You completely miss the giant cockroach.
The giant cockroach is severely wounded.
The jelly hits you. The acid corrodes you!
You are splashed with acid!
* * * LOW HITPOINT WARNING * * *
The giant cockroach barely misses you.
You hit the giant cockroach.
You feel a bit better.
You kill the giant cockroach!
The jelly barely misses you.
You hit the jelly.
Your hands burn!
* * * LOW HITPOINT WARNING * * *
You tail-slap the jelly.
The jelly is heavily wounded.
The jelly closely misses you.
You hit the jelly.
Your hands burn!
* * * LOW HITPOINT WARNING * * *
The jelly is heavily wounded.
The jelly closely misses you.
You hit the jelly.
Your hands burn!
* * * LOW HITPOINT WARNING * * *
You tail-slap the jelly.
You feel a bit better.
You kill the jelly!
You hit the endoplasm.
The endoplasm is moderately wounded.
The endoplasm hits you.
* * * LOW HITPOINT WARNING * * *
You hit the endoplasm but do no damage. You punch the endoplasm.
The endoplasm is heavily wounded.
The endoplasm freezes you.
You are frozen.
You die...

### #.~ ~.~# # #~.
#####.~## #~
#####~~
##~.~~#...##..
#?....~
##∩~~~.~.~.#~~~
#_).~~~
#...##~..~.~~~#
#.!~.~J###~.#
J~~.~..#
#..~~@##~.# ##.~.~#
####~..~..##
##..~..##
##~~..~~###~.~~~.~#
####~~~...~~##.~~~
##~~~.~.####~..
####~†##..##~~
#~.#.~~####
#~....## # ##.~.##


You could see an endoplasm.

Vanquished Creatures
  A jelly (Sewer)
  An orc priest (D:3)
  An orc wizard (D:3)
  5 adders
  2 worms
  A dart slug (D:1)
  4 orcs (D:3)
  6 ball pythons
  15 endoplasms
  7 giant cockroaches
  3 goblins
  4 hobgoblins
  4 jackals (D:1)
  6 kobolds
  6 bats
  8 frilled lizards
  8 rats
82 creatures vanquished.

Notes
Turn   | Place    | Note
-------+----------+-------------------------------------------
     0 | D:1      | RevDB the Draconian Transmuter began the quest for the Orb.
     0 | D:1      | Reached XP level 1. HP: 16/16 MP: 3/3
   109 | D:1      | Reached XP level 2. HP: 25/25 MP: 1/5
   198 | D:1      | Found a faded altar of an unknown god.
   492 | D:1      | Reached XP level 3. HP: 29/31 MP: 4/6
   510 | D:1      | Learned a level 2 spell: Wereblood
  1296 | D:2      | Reached XP level 4. HP: 40/40 MP: 5/7
  1461 | D:3      | Reached skill level 4 in Unarmed Combat
  1468 | D:3      | Reached XP level 5. HP: 36/46 MP: 4/8
  1577 | D:3      | Found a glowing drain.
  1591 | Sewer    | Entered a sewer
  1718 | Sewer    | Reached skill level 5 in Unarmed Combat
  1745 | Sewer    | Found a viscous altar of Jiyva.
  1761 | Sewer    | Frozen to death by an endoplasm

Illustrated notes

Levels and vault maps discovered:
D:1:      lightli_arrival_chessboard, layout_loops_ring,
          ebering_ecumenical_altar_abandoned
D:2:      layout_rooms, serial_rivers, chequers_serial_rivers_micro_a,
          chequers_serial_rivers_small_a, chequers_serial_rivers_micro_c,
          chequers_serial_rivers_marsh, chequers_serial_rivers_marsh,
          chequers_serial_rivers_micro_b
D:3:      minmay_general_purpose_star, layout_rooms, grunt_gozag_breadcrumbs,
          portal_sewer_entry_a, dk_noncrumbling_2, columned_hall_lemuel
Sewer:    sewer_hellmonk_slimy_pipes

Skill      XL: |  1  2  3  4  5 |
---------------+----------------+-----
Fighting       | 2 3 4 |  4.0
Unarmed Combat | 4 5 |  5.0
Dodging        | |  1.7
Spellcasting   | |  2.0
Transmutations | |  2.7

Action                   |  1- 3 |  4- 6 || total
-------------------------+-------+-------++-------
Melee: Unarmed           |   135 |    92 ||   227
       Kick              |    21 |    14 ||    35
       Tailslap          |    13 |    12 ||    25
       Headbutt          |     7 |     5 ||    12
       Punch             |     2 |     8 ||    10
 Cast: Beastly Appendage |    18 |    11 ||    29
       Wereblood         |       |     2 ||     2
 Stab: Sleeping          |       |     1 ||     1
Armor: Skin              |    34 |    18 ||    52
Dodge: Dodged            |    85 |    41 ||   126

Table legend: (Time is in decaauts)
 A = Elapsed time spent in this place.
 B = Non-inter-level travel time spent in this place.
 C = Inter-level travel time spent in this place.
 D = Time resting spent in this place.
 E = Time spent auto-exploring this place.
 F = Levels seen in this place.
 G = Mean time per level.
                   A        B        C        D        E       F      G
               +--------+--------+--------+--------+--------+-----+--------+
         Total |   1773 |   1754 |     19 |    245 |    138 |   4 |  443.2 |
       Dungeon |   1598 |   1579 |     19 |    245 |    138 |   3 |  532.7 |
         Sewer |    174 |    174 |      0 |      0 |      0 |   1 |  174.0 |
               +--------+--------+--------+--------+--------+-----+--------+

Top non-repeatable levels by time:
     D:2: 720 daAuts
     D:1: 622 daAuts
     D:3: 256 daAuts
   Sewer: 174 daAuts
